AoeStats
← The Slayer

Black Forest

509536689Analyzed
4v4 RM · 4d ago on Sep 27, 2026· 79m 14s· 8 players
Game mode
Random Map
Map size
Large (8 player)
Population
200
Speed
Normal
Resources
Standard
Victory
Conquest
Starting age
Dark Age
Ending age
Imperial Age
RankedLock teamsTeams togetherTeam positionsShared explorationLock speedFull tech treeHidden civsTurbo modeCheats
Victory
Defeat
🇨🇳 Britons · China
975
+14
🇵🇪 Cumans · Peru
949
+15
🇨🇳 Khmer · China
872
+18
🇲🇽 Slavs · Mexico
870
+18
🇺🇸 Khmer · United States
1041
-20
🇺🇸 Khmer · United States
965
-18
🇺🇸 Khmer · United States
896
-15
🇺🇸 Khmer · United States
804
-12
I Never Resign
13:00 Feudal Age
13:46 Loom
15:51 Forging
15:13 Man-at-Arms
16:32 Arson
18:08 Scale Mail Armor
19:08 Double-Bit Axe
19:04 Horse Collar
23:27 Castle Age
22:03 Wheelbarrow
25:04 Chain Mail Armor
24:18 Long Swordsman
27:31 Hand Cart
33:01 Iron Casting
33:53 Gold Mining
34:36 Bow Saw
34:58 Heavy Plow
38:56 Imperial Age
37:42 Gold Shaft Mining
36:57 Stone Mining
37:46 Caravan
40:20 Stone Shaft Mining
40:18 Crop Rotation
40:00 Town Watch
40:32 Scale Barding Armor
40:18 Fletching
39:55 Onager
41:53 Siege Engineers
42:09 Ballistics
41:45 Murder Holes
42:53 Chemistry
41:57 Bodkin Arrow
42:23 Chain Barding Armor
43:00 Elite Ballista Elephant
44:01 Conscription
46:09 Bracer
46:45 Plate Barding Armor
47:42 Blast Furnace
47:39 Elite Battle Elephant
48:30 Bloodlines
48:20 Husbandry
52:31 Light Cavalry
53:34 Hussar
65:23 Pikeman
66:21 Halberdier
The Slayer
7:42 Loom
14:39 Feudal Age
16:35 Double-Bit Axe
17:35 Horse Collar
19:41 Gold Mining
23:49 Castle Age
22:26 Wheelbarrow
23:02 Stone Mining
25:01 Bow Saw
24:55 Heavy Plow
25:34 Stone Shaft Mining
25:37 Gold Shaft Mining
26:57 Hand Cart
28:23 Husbandry
31:23 Caravan
33:47 Bloodlines
34:40 Scale Barding Armor
34:46 Forging
35:17 Coinage
36:59 Iron Casting
36:45 Chain Barding Armor
38:37 Tusk Swords
39:06 Fortified Wall
38:51 Murder Holes
39:07 Masonry
42:01 Imperial Age
40:43 Scale Mail Armor
40:44 Padded Archer Armor
40:35 Fletching
43:37 Plate Barding Armor
44:03 Blast Furnace
43:19 Leather Archer Armor
43:00 Bodkin Arrow
43:20 Chain Mail Armor
43:41 Crop Rotation
44:32 Hoardings
44:18 Conscription
45:36 Pikeman
46:02 Arson
46:13 Halberdier
47:45 Elite Battle Elephant
52:17 Banking
54:32 Ring Archer Armor
54:03 Bracer
54:10 Siege Engineers
54:36 Architecture
Bussies
0:36 Loom
14:24 Feudal Age
15:18 Double-Bit Axe
15:16 Horse Collar
19:31 Castle Age
17:44 Stone Mining
19:48 Bloodlines
21:50 Bow Saw
23:57 Heavy Plow
25:26 Husbandry
27:41 Caravan
29:31 Wheelbarrow
30:23 Fortified Wall
30:32 Scale Barding Armor
31:44 Chain Barding Armor
31:53 Town Watch
33:43 Hand Cart
37:36 Imperial Age
35:39 Forging
35:20 Fletching
36:37 Gold Mining
37:23 Stone Shaft Mining
36:58 Scale Mail Armor
37:32 Town Patrol
36:55 Light Cavalry
38:16 Masonry
38:02 Murder Holes
39:33 Hoardings
40:17 Conscription
40:23 Cavalier
42:00 Plate Barding Armor
43:13 Bodkin Arrow
44:48 Bracer
46:52 Ballistics
47:34 Chemistry
49:56 Iron Casting
53:35 Double Crossbow
56:02 Architecture
57:19 Blast Furnace
59:53 Elite Ballista Elephant
66:37 Coinage
BIZONADE
0:34 Loom
24:18 Feudal Age
29:12 Castle Age
28:34 Double-Bit Axe
31:05 Horse Collar
37:42 Heavy Plow
37:36 Gold Mining
43:20 Gold Shaft Mining
42:36 Stone Mining
46:11 Imperial Age
JUANITO_METEORO
6:31 Loom
8:00 Loom
11:40 Feudal Age
19:01 Castle Age
17:41 Double-Bit Axe
18:42 Horse Collar
22:38 Bow Saw
22:37 Heavy Plow
28:02 Wheelbarrow
30:01 Imperial Age
27:47 Stone Mining
28:21 Gold Mining
29:59 Gold Shaft Mining
30:22 Town Watch
37:37 Onager
38:42 Conscription
38:49 Caravan
42:18 Two-Man Saw
41:53 Crop Rotation
41:36 Bloodlines
41:26 Husbandry
41:25 Murder Holes
41:41 Fortified Wall
41:52 Ballistics
42:32 Chemistry
41:44 Detinets
42:15 Forging
42:11 Scale Barding Armor
44:45 Iron Casting
44:31 Chain Barding Armor
44:18 Elite Boyar
50:09 Siege Onager
51:28 Fletching
52:39 Blast Furnace
51:40 Padded Archer Armor
52:16 Plate Barding Armor
51:41 Scale Mail Armor
52:01 Capped Ram
53:35 Druzhina
57:45 Siege Ram
57:52 Heavy Scorpion
58:42 Siege Engineers
61:45 Chain Mail Armor
61:46 Leather Archer Armor
61:27 Bodkin Arrow
72:00 Plate Mail Armor
72:01 Ring Archer Armor
74:31 Coinage
74:14 Masonry
74:15 Careening
74:16 Clinker Construction
73:57 Guard Tower
74:44 Hoardings
73:39 Sappers
74:11 Town Patrol
74:27 Hand Cart
asaenzb16_1
1:03 Loom
35:37 Feudal Age
36:32 Double-Bit Axe
37:07 Horse Collar
40:57 Wheelbarrow
45:07 Castle Age
45:06 Scale Barding Armor
45:13 Forging
46:37 Bow Saw
46:47 Hand Cart
47:15 Bloodlines
47:29 Caravan
47:43 Heavy Plow
49:11 Iron Casting
48:57 Chain Barding Armor
48:03 Light Cavalry
52:40 Imperial Age
50:27 Steppe Husbandry
53:44 Conscription
52:49 Elite Steppe Lancer
53:13 Hussar
55:16 Crop Rotation
57:00 Blast Furnace
57:04 Plate Barding Armor
61:17 Fletching
61:28 Padded Archer Armor
78:46 Spies/Treason
76561199495878758
8:05 Loom
13:43 Feudal Age
14:15 Fishing Lines
15:09 Double-Bit Axe
18:08 Castle Age
20:05 Bow Saw
20:42 Loom
21:34 Wheelbarrow
20:54 Gillnets
20:50 Horse Collar
23:21 Gold Mining
25:22 Stone Mining
29:04 Hand Cart
29:37 Tusk Swords
31:10 Gold Shaft Mining
31:11 Stone Shaft Mining
31:57 Bloodlines
31:08 Light Cavalry
31:49 Husbandry
33:09 Fervor
33:21 Sanctity
33:03 Devotion
36:02 Imperial Age
35:05 Herbal Medicine
36:08 Elite Ballista Elephant
37:09 Conscription
37:27 Hoardings
36:54 Double Crossbow
39:18 Illumination
39:30 Theocracy
38:36 Pikeman
40:42 Chemistry
39:50 Siege Engineers
39:57 Masonry
39:59 Fortified Wall
40:21 Hussar
41:17 Capped Ram
42:31 Halberdier
54:04 Siege Ram
61:08 Caravan
61:42 Forging
61:38 Scale Barding Armor
63:29 Architecture
63:20 Ballistics
77:19 Spies/Treason
周公瑾
2:13 Loom
12:38 Feudal Age
14:31 Double-Bit Axe
15:34 Horse Collar
16:57 Town Watch
22:04 Castle Age
22:20 Wheelbarrow
21:59 Forging
21:51 Fletching
23:19 Bow Saw
23:26 Heavy Plow
27:31 Bodkin Arrow
28:40 Hand Cart
30:05 Squires
30:49 Yeomen
34:51 Imperial Age
33:35 Town Patrol
34:28 Caravan
34:03 Elite Skirmisher
35:08 Ballistics
35:07 Padded Archer Armor
36:39 Two-Man Saw
38:04 Chemistry
36:46 Treadmill Crane
36:42 Crossbowman
37:47 Conscription
37:34 Onager
39:49 Hoardings
41:05 Murder Holes
41:17 Siege Engineers
44:54 Pikeman
45:20 Gambesons
48:25 Halberdier
49:47 Iron Casting
49:12 Scale Mail Armor
49:30 Leather Archer Armor
49:15 Bracer
54:12 Blast Furnace
53:27 Chain Mail Armor
55:08 Masonry
56:06 Ring Archer Armor
57:59 Capped Ram
59:58 Plate Mail Armor
69:33 Elite Longbowman
Connection lost

Rejoining the realm…

Still unreachable

The connection could not be restored.

Session expired

The server has moved on; the page needs a fresh start.